 Dungeon Crawl Stone Soup version 0.31-a0-175-g9f7f995f2b (webtiles) character file.

Game seed: 2079730981316791462

1622 qw the Cleaver (level 8, -3/51 HPs)
             Began as a Gargoyle Fighter on June 16, 2023.
             Shot with an arrow by a centaur (6 damage)
             ... on level 7 of the Dungeon.
             The game lasted 00:02:43 (5458 turns).

qw the Cleaver (Gargoyle Fighter)                   Turns: 5458, Time: 00:02:43

Health: -3/51      AC: 24    Str: 23    XL:     8   Next: 96%
Magic:  8/8        EV:  6    Int:  8    God:
Gold:   325        SH:  4    Dex:  9    Spells: 7/7 levels left

rFire   + . .        Y - +3 war axe (freeze)
rCold   + + .        c - +0 buckler
rNeg    + . .        j - +0 plate armour
rPois   inf          i - +1 helmet {SInv}
rElec   +            o - +1 cloak "Ojafio Etach" {rC+}
rCorr   .            (no gloves)
SInv    +            b - +1 pair of boots
Will    .....        (no amulet) Stlth
                     f - ring of protection from cold
HPRegen 0.28/turn    r - ring of protection from fire
MPRegen 0.11/turn

%: no passive effects
@: no status effects
A: sickness immunity, AC +5, negative energy resistance 1, electricity
resistance, torment resistance 1, petrification resistance
a: no special abilities


You were on level 7 of the Dungeon.
You visited 2 branches of the dungeon, and saw 8 of its levels.
You also visited: Sewer.

You collected 325 gold pieces.


Innate Abilities, Weirdness & Mutations

You are immune to sickness and miasma.
Your stone body is resilient. (AC +5)
You are immune to poison.
You resist negative energy. (rN+)
You are resistant to electric shocks. (rElec)
You are resistant to unholy torment.
You are immune to petrification.


   Skills:
 - Level 6.1 Fighting
 - Level 8.1 Axes
 - Level 1.1 Throwing
 + Level 5.2 Armour
 - Level 1.7 Dodging
 - Level 3.2 Shields


You had 7 spell levels left.
You didn't know any spells.
Your spell library was empty.

Inventory:

Hand Weapons
 s - a +0 flail
 Y - a +3 war axe of freezing (weapon)
Missiles
 m - a boomerang (quivered)
Armour
 b - a +1 pair of boots (worn)
 c - a +0 buckler (worn)
 i - a +1 helmet of see invisible (worn)
 j - a +0 plate armour (worn)
 o - the +1 cloak "Ojafio Etach" (worn) {rC+}
   (You found it on level 5 of the Dungeon)

   rC:        It protects you from cold.
 q - the +0 helmet of Least Resistance {rC- Regen+ MP+9}
   (You acquired it on level 4 of the Dungeon)

   rC:        It makes you vulnerable to cold.
   MP:        It affects your magic capacity (+9).
   Regen:     It increases your rate of health regeneration.
Jewellery
 f - a ring of protection from cold (left hand)
 r - a ring of protection from fire (right hand)
 u - a ring of resist corrosion
Scrolls
 n - a scroll of identify
Potions
 d - 3 potions of might
 e - a potion of invisibility {unknown}
 g - a potion of haste
 h - a potion of lignification
 k - a potion of cancellation {unknown}
 l - a potion of berserk rage {unknown}
 p - a potion of attraction {unknown}
 t - a potion of brilliance {unknown}

Dungeon Overview and Level Annotations

Branches:
Dungeon (7/15)             Temple (1/1) D:4           Sewer (visited)

Altars:
Ashenzari
Cheibriados
Dithmenos
Elyvilon
Gozag
Hepliaklqana
Kikubaaqudgha
Makhleb
Nemelex Xobeh
Qazlal
Ru
Sif Muna
Uskayaw
Vehumet
Wu Jian
Xom
Yredelemnul
Zin
The Shining One


Message History

The orc wizard casts a spell.
The orc wizard flickers and vanishes for a moment.
The yak gores you.
You hear a shout!
You completely miss the yak.
The yak is severely wounded.
A centaur comes into view.
The yak gores you.
You slash the yak! You freeze the yak.
The yak is almost dead.
The yak barely misses you.
You hit the yak. You freeze the yak.
You kill the yak!
The orc wizard casts a spell at you.
The puff of flame hits you but does no damage.
Your Fighting skill increases to level 6!
You slash the orc! You freeze the orc.
You kill the orc!
The shadow imp shouts, "Quail, thou feckless clapper-clawed cross-patch!"
The yak snorts and paws the ground.
The centaur wields a +0 shortbow.
The centaur shoots an arrow.
The arrow hits the orc wizard!
You closely miss the orc wizard.
The orc wizard is severely wounded.
The orc wizard hits you but does no damage.
The shadow imp gestures at you.
The orc wizard struggles to resist.
The shadow imp gestures at you.
The orc wizard struggles to resist.
The orc wizard hits you but does no damage.
You slash the orc wizard! You freeze the orc wizard.
You kill the orc wizard!
You slash the shadow imp!
The shadow imp is almost dead.
The shadow imp hits you but does no damage.
You slash the shadow imp!
You kill the shadow imp!
The centaur shoots an arrow.
The arrow hits you but does no damage.
The centaur shoots an arrow.
The arrow hits you.
You die...

.. #.# .. # ..
#.##. #.#...c
.....Y)## #####@#
#....)#
#.###.######## #
#...........
....#.#.#########
................#
..............###
..#.#####.....# .
#.#........##


You could see a yak and a centaur.

Vanquished Creatures
  A yak (D:7)
  Eustachio (D:4)
  A water moccasin (D:6)
  An orc warrior (D:7)
  A sky beast (D:7)
  2 bullfrogs (Sewer)
  A howler monkey (D:4)
  5 hounds
  3 orc priests
  A sleepcap (D:6)
  4 iguanas
  7 orc wizards
  Robin (D:2)
  14 adders
  3 gnolls (D:4)
  2 shadow imps (D:7)
  2 white imps
  An ufetubus (D:4)
  4 worms
  4 dart slugs
  19 orcs
  10 ball pythons
  3 bats (D:2)
  5 endoplasms
  11 giant cockroaches
  12 goblins
  7 hobgoblins
  6 quokkas
  8 frilled lizards
  3 kobolds
  A rat (D:3)
144 creatures vanquished.

Vanquished Creatures (others)
  A human (D:6)
1 creature vanquished.

Grand Total: 145 creatures vanquished

Notes
Turn   | Place    | Note
-------+----------+-------------------------------------------
     0 | D:1      | qw the Gargoyle Fighter began the quest for the Orb.
     0 | D:1      | Reached XP level 1. HP: 14/14 MP: 1/1
     0 | D:1      | 0 ||| qw: Version: 0.2-a-29-g511e9b1
     0 | D:1      | 0 ||| qw: Game counter: 5731
     0 | D:1      | 0 ||| qw: Always use a shield: true
     0 | D:1      | 0 ||| qw: God list: Okawaru
     0 | D:1      | 0 ||| qw: Allow faded altars: false
     0 | D:1      | 0 ||| qw: Do Orc after D:15 true
     0 | D:1      | 0 ||| qw: Do second Lair branch before Depths: true
     0 | D:1      | 0 ||| qw: Lair rune preference: random
     0 | D:1      | 0 ||| qw: Plans: Normal, Zot:1-4, Slime:5, God:TSO, Crypt,
                  | Tomb, Abyss, Pan, Hells, Win
     0 | D:1      | 0 ||| PLANNING D:1-11
    36 | D:1      | 36 ||| Stepping ~*~*~tactically~*~*~ (hiding).
    46 | D:1      | Reached skill level 2 in Axes
   397 | D:1      | Reached XP level 2. HP: 19/19 MP: 2/2
   725 | D:1      | 725 ||| UPGRADING to +0 helmet.
   730 | D:1      | 730 ||| UPGRADING to ring of protection from cold.
   731 | D:1      | 731 ||| READING scroll labelled GYLATE AXZU.
   736 | D:1      | 736 ||| READING scroll labelled BAFOES MUBIA.
   737 | D:1      | 737 ||| READING scroll labelled ZUD PAALIO.
   738 | D:1      | 738 ||| DRINKING 2 inky potions.
   739 | D:1      | 739 ||| DROPPING potion of degeneration.
   833 | D:2      | Found a burning altar of Makhleb.
   834 | D:2      | Noticed Robin
   838 | D:2      | Reached skill level 3 in Axes
   839 | D:2      | Reached XP level 3. HP: 17/23 MP: 3/3
   851 | D:2      | Killed Robin
   955 | D:2      | Reached XP level 4. HP: 26/28 MP: 4/4
  1034 | D:2      | Reached skill level 4 in Axes
  1364 | D:2      | 1364 ||| UPGRADING to +0 helmet of see invisible.
  1374 | D:2      | 1374 ||| DROPPING +0 helmet.
  1375 | D:2      | 1375 ||| DROPPING ring of magical power.
  1376 | D:2      | 1376 ||| READING scroll labelled RIEGUGREOS.
  1402 | D:3      | 1402 ||| STAIRDANCE
  1483 | D:3      | 1483 ||| STAIRDANCE
  1707 | D:3      | Reached XP level 5. HP: 32/32 MP: 5/5
  1716 | D:3      | 1716 ||| Stepping ~*~*~tactically~*~*~ (hiding).
  1943 | D:3      | 1943 ||| DROPPING +0 club.
  1957 | D:3      | Reached skill level 5 in Axes
  1983 | D:3      | Found an ornate altar of the Wu Jian Council.
  2175 | D:3      | Found a hazy altar of Hepliaklqana.
  2192 | D:3      | 2192 ||| UPGRADING to +0 plate armour.
  2202 | D:3      | 2202 ||| DROPPING +0 scale mail.
  2203 | D:3      | 2203 ||| READING scroll labelled MIAVVO TIOKH.
  2204 | D:3      | 2204 ||| DRINKING 2 blue potions.
  2205 | D:3      | 2205 ||| READING 2 scrolls of identify.
  2205 | D:3      | 2205 ||| IDENTIFYING smoky red potion
  2367 | D:4      | 2367 ||| Stepping ~*~*~tactically~*~*~ (stealth).
  2375 | D:4      | Reached XP level 6. HP: 38/38 MP: 6/6
  2506 | D:4      | Noticed Eustachio
  2507 | D:4      | 2507 ||| Stepping ~*~*~tactically~*~*~ (stealth).
  2510 | D:4      | 2510 ||| Stepping ~*~*~tactically~*~*~ (hiding).
  2511 | D:4      | 2511 ||| Stepping ~*~*~tactically~*~*~ (hiding).
  2526 | D:4      | Killed Eustachio
  2609 | D:4      | Reached skill level 6 in Axes
  2612 | D:4      | 2612 ||| FLEEEEING.
  2613 | D:4      | 2613 ||| FLEEEEING.
  2614 | D:4      | 2614 ||| FLEEEEING.
  2615 | D:4      | 2615 ||| STAIRDANCE
  2656 | D:3      | 2656 ||| READING 3 scrolls labelled ACUREG FIEMIKK.
  2657 | D:3      | 2657 ||| READING 2 scrolls of enchant weapon.
  2657 | D:3      | 2657 ||| ENCHANTING +1 war axe.
  2658 | D:3      | 2658 ||| READING scroll of enchant weapon.
  2658 | D:3      | 2658 ||| ENCHANTING +2 war axe.
  2659 | D:3      | 2659 ||| READING scroll labelled WOJECAQEEGOF.
  2660 | D:3      | 2660 ||| READING scroll labelled NEWENK XIME.
  2661 | D:3      | 2661 ||| READING scroll labelled IVOLLAM ANE.
  2693 | D:4      | 2693 ||| Stepping ~*~*~tactically~*~*~ (hiding).
  2702 | D:4      | Reached XP level 7. HP: 41/43 MP: 7/7
  2706 | D:4      | HP: 10/43 [gnoll/+0 halberd (10)]
  2707 | D:4      | 2707 ||| READING scroll of teleportation.
  2708 | D:4      | 2708 ||| DRINKING potion of heal wounds.
  2917 | D:4      | 2917 ||| READING scroll of enchant armour.
  2917 | D:4      | 2917 ||| ENCHANTING +0 helmet of see invisible.
  3128 | D:4      | Found a staircase to the Ecumenical Temple.
  3129 | D:4      | 3129 ||| PLANNING TEMPLE
  3129 | D:4      | 3129 ||| UPGRADING to +1 pair of boots.
  3134 | D:4      | 3134 ||| UPGRADING to +0 cloak.
  3139 | D:4      | 3139 ||| UPGRADING to ring of protection from fire.
  3140 | D:4      | 3140 ||| READING scroll labelled XYFOUS SIQIGOU.
  3140 | D:4      | Identified a scroll of acquirement
  3140 | D:4      | 3140 ||| ACQUIRING +0 helmet of Least Resistance {rC-
                  | Regen+ MP+9}
  3140 | D:4      | Acquired the +0 helmet of Least Resistance {rC- Regen+
                  | MP+9}
  3146 | Temple   | Entered the Ecumenical Temple
  3295 | Temple   | 3295 ||| PLANNING D:1-11
  3372 | D:4      | Found a burning altar of Makhleb.
  3372 | D:4      | Found a snail-covered altar of Cheibriados.
  3436 | D:5      | Entered Level 5 of the Dungeon
  3464 | D:5      | Found a radiant altar of Vehumet.
  3489 | D:5      | 3489 ||| Stepping ~*~*~tactically~*~*~ (hiding).
  3490 | D:5      | 3490 ||| Stepping ~*~*~tactically~*~*~ (hiding).
  3492 | D:5      | 3492 ||| Stepping ~*~*~tactically~*~*~ (hiding).
  3494 | D:5      | 3494 ||| Stepping ~*~*~tactically~*~*~ (hiding).
  3495 | D:5      | 3495 ||| Stepping ~*~*~tactically~*~*~ (hiding).
  3496 | D:5      | 3496 ||| Stepping ~*~*~tactically~*~*~ (hiding).
  3503 | D:5      | HP: 10/43 [orc priest/nerve-wracking pain (4)]
  3630 | D:5      | 3630 ||| Stepping ~*~*~tactically~*~*~ (stealth).
  3637 | D:5      | 3637 ||| DROPPING +0 whip.
  3642 | D:5      | 3642 ||| Stepping ~*~*~tactically~*~*~ (hiding).
  3658 | D:5      | 3658 ||| Stepping ~*~*~tactically~*~*~ (stealth).
  3723 | D:5      | Reached skill level 1 in Throwing
  3784 | D:5      | Identified the +1 cloak "Ojafio Etach" {rC+}
  3974 | D:5      | 3974 ||| UPGRADING to +1 cloak "Ojafio Etach" {rC+}.
  3984 | D:5      | 3984 ||| DROPPING +0 cloak.
  3985 | D:5      | 3985 ||| DRINKING 2 fuming black potions.
  4032 | D:6      | 4032 ||| PLANNING SEWER
  4037 | D:6      | 4037 ||| Stepping ~*~*~tactically~*~*~ (stealth).
  4058 | D:6      | 4058 ||| Stepping ~*~*~tactically~*~*~ (hiding).
  4068 | D:6      | Reached skill level 7 in Axes
  4230 | D:6      | Found an ancient bone altar of Kikubaaqudgha.
  4234 | D:6      | Noticed a human
  4236 | D:6      | Killed a human
  4544 | D:6      | Reached XP level 8. HP: 23/49 MP: 8/8
  4558 | D:6      | Reached skill level 1 in Dodging
  4640 | D:6      | 4640 ||| Stepping ~*~*~tactically~*~*~ (stealth).
  4647 | D:6      | 4647 ||| Stepping ~*~*~tactically~*~*~ (stealth).
  4647 | D:6      | Found a glowing drain.
  4650 | D:6      | 4650 ||| Stepping ~*~*~tactically~*~*~ (stealth).
  4651 | D:6      | 4651 ||| Stepping ~*~*~tactically~*~*~ (stealth).
  4652 | D:6      | 4652 ||| Stepping ~*~*~tactically~*~*~ (stealth).
  4657 | D:6      | 4657 ||| Stepping ~*~*~tactically~*~*~ (stealth).
  4678 | D:6      | 4678 ||| Stepping ~*~*~tactically~*~*~ (water).
  4681 | Sewer    | Entered a sewer
  4776 | Sewer    | 4776 ||| Stepping ~*~*~tactically~*~*~ (water).
  4861 | Sewer    | 4861 ||| Stepping ~*~*~tactically~*~*~ (water).
  4889 | Sewer    | 4889 ||| FLEEEEING.
  4891 | Sewer    | 4891 ||| FLEEEEING.
  5228 | Sewer    | 5228 ||| READING scroll labelled UCUPSO NYVE.
  5248 | D:6      | 5248 ||| PLANNING D:1-11
  5386 | D:7      | 5386 ||| READING scroll of brand weapon.
  5386 | D:7      | 5386 ||| BRANDING +3 war axe of protection.
  5391 | D:7      | 5391 ||| Stepping ~*~*~tactically~*~*~ (stealth).
  5410 | D:7      | 5410 ||| DRINKING potion of curing.
  5410 | D:7      | 5410 ||| (to cure confusion)
  5423 | D:7      | HP: 9/49 [orc warrior/+0 flail (6)]
  5424 | D:7      | HP: 3/49 [orc warrior/+0 flail (6)]
  5433 | D:7      | Reached skill level 8 in Axes
  5435 | D:7      | Noticed a yak
  5436 | D:7      | HP: 5/49 [orc wizard/+0 dagger (1)]
  5438 | D:7      | Noticed a yak
  5450 | D:7      | HP: 3/49 [yak (6)]
  5451 | D:7      | HP: 1/49 [yak (2)]
  5453 | D:7      | Killed a yak
  5454 | D:7      | Reached skill level 6 in Fighting
  5458 | D:7      | Shot with an arrow by a centaur

Levels and vault maps discovered:
D:1:      giann_bridges, layout_basic
D:2:      layout_basic, basic_altar, uniq_robin
D:3:      layout_basic, pdpol_wu_jian_five_deadly_venoms,
          mainiacjoe_overflow_tiny_flanked
D:4:      layout_basic, amethyst_overflow_temple_binary, temple_doors_ab,
          serial_park_tiny_2, uniq_eustachio
D:5:      layout_rooms, general_overflow_altar, hangedman_abyss_or_decor_passed
D:6:      layout_loops_ring, tgw_kikubaaqudgha, portal_sewer_entry_f
D:7:      layout_basic, grunt_ministairs_8, dreamdust_gnoll_shepherd
Temple:   nicolae_temple_bog_church

Skill      XL: |  1  2  3  4  5  6  7  8 |
---------------+-------------------------+-----
Axes           | 2 3 4 5 6 7 8 |  8.1
Fighting       | 4 5 6 |  6.1
Armour         | 4 5 |  5.2
Throwing       | 1 |  1.1
Dodging        | 1 |  1.7
Shields        | |  3.2

Action                     |  1- 3 |  4- 6 |  7- 9 || total
---------------------------+-------+-------+-------++-------
  Melee: War axe           |    55 |   118 |   209 ||   382
  Throw: Boomerang         |     9 |    63 |   109 ||   181
    Use: Scroll            |     3 |     9 |     5 ||    17
         Potion            |     1 |     1 |     3 ||     5
 Armour: Scale mail        |    34 |    37 |       ||    71
         Plate armour      |       |    43 |   145 ||   188
  Dodge: Dodged            |    26 |    38 |    66 ||   130
  Block: Buckler           |    16 |    19 |    23 ||    58

Table legend:
 A = Non-vault XP
 B = Vault XP
 C = Vault XP percentage of total XP
 D = Non-vault monster count
 E = Vault monster count
 F = Vault count percentage of total count
                 A         B        C        D         E       F
            +---------+---------+-------+---------+---------+-------
      Total |    1586 |     743 |  31.9 |     101 |      43 |  29.9
            +---------+---------+-------+---------+---------+-------
        D:1 |      15 |       0 |   0.0 |       8 |       0 |   0.0
        D:2 |      95 |      38 |  28.6 |      16 |      12 |  42.9
        D:3 |      86 |       0 |   0.0 |      13 |       0 |   0.0
        D:4 |     268 |     208 |  43.7 |      20 |       1 |   4.8
        D:5 |     250 |       0 |   0.0 |      13 |       0 |   0.0
        D:6 |     417 |      10 |   2.3 |      18 |       5 |  21.7
        D:7 |     455 |     213 |  31.9 |      13 |       1 |   7.1
      Sewer |       0 |     274 | 100.0 |       0 |      24 | 100.0
            +---------+---------+-------+---------+---------+-------
